 Dungeon Crawl Stone Soup version 0.21.0-30-g47ce8e4 (webtiles) character file.

115 JeffiDaFish the Stinger (level 4, -4/33 HPs)
             Began as a Draconian Venom Mage on Jan 29, 2018.
             Slain by an adder (5 damage)
             ... on level 2 of the Dungeon.
             The game lasted 00:06:01 (2350 turns).

JeffiDaFish the Stinger (Draconian Venom Mage)      Turns: 2350, Time: 00:06:02

Health: -4/33      AC:  5    Str:  8 (10) XL:     4   Next: 68%
Magic:  2/8        EV: 12    Int: 12 (15) God:
Gold:   68         SH:  0    Dex: 10 (11) Spells: 2/8 levels left

rFire    + . .     SeeInvis .   f - -2 falchion (curse)
rCold    + . .     Gourm    .   (no shield)
rNeg     . . .     Faith    .   (armour unavailable)
rPois    +         Spirit   .   (helmet restricted)
rElec    +         Reflect  .   (no cloak)
rCorr    +         Harm     .   (no gloves)
MR       .....                  (no boots)
Stlth    ++........             (no amulet)
HPRegen  0.11/turn              e - ring of flight
MPRegen  0.11/turn              (no ring)

@: lethally poisoned (-4 -> -7), resistant, very slightly contaminated
A: unfitting armour, stinger 1, clumsy 1, cold-blooded, AC +5
a: Evoke Flight


You were on level 2 of the Dungeon.
You were not hungry.

You visited 1 branch of the dungeon, and saw 2 of its levels.

You collected 68 gold pieces.

Inventory:

Hand Weapons
 c - a +1 dagger of venom
 f - a cursed -2 falchion (weapon)
 j - a +1 dagger of venom
Jewellery
 e - a ring of flight (left hand)
Scrolls
 h - 2 scrolls of identify
 i - a scroll of remove curse
Books
 a - a Young Poisoner's Handbook

   Spells                             Type                      Level
   a - Sting                          Conjuration/Poison           1
   b - Poisonous Vapours              Poison/Air                   2
   c - Mephitic Cloud                 Conjuration/Poison/Air       3
   d - Olgreb's Toxic Radiance        Poison                       4
   e - Venom Bolt                     Conjuration/Poison           5
Comestibles
 b - 7 rations
 d - 5 chunks of flesh


   Skills:
 + Level 0.2 Fighting
 + Level 0.5(0.8) Short Blades
 + Level 0.6(0.8) Long Blades
 + Level 2.2 Dodging
 + Level 2.0 Stealth
 + Level 2.7 Spellcasting
 + Level 1.4 Conjurations
 + Level 0.6 Air Magic
 + Level 4.1 Poison Magic


You had 2 spell levels left.
You knew the following spells:

 Your Spells              Type           Power        Failure   Level  Hunger
a - Sting                 Conj/Pois      #...         9%          1    #......
b - Poisonous Vapours     Pois/Air       #.....       14%         2    ###....
c - Mephitic Cloud        Conj/Pois/Air  #.......     32%         3    ###....


Dungeon Overview and Level Annotations

Branches:
Dungeon (2/15)

Altars:
The Shining One


Innate Abilities, Weirdness & Mutations

Your plain brown scales are hard. (AC +5)
You cannot fit into any form of body armour.
You are cold-blooded and may be slowed by cold attacks.
Your tail ends in a poisonous barb.
You are clumsy. (Dex -2)


Message History

The adder closely misses you.
You riposte.
You barely miss the adder.
Your tail-slap misses the adder.
The adder is almost dead.
You closely miss the adder.
The adder is almost dead.
The adder misses you.
Casting: Poisonous Vapours
Confirm with . or Enter, or press ? or * to list all spells.
Aiming: Poisonous Vapours
Press: ? - help, Dir - move target cursor, f/p - adder
Aim: an adder (almost dead)
You miscast Poisonous Vapours.
You are very lightly contaminated with residual magic.
You feel faint for a moment.
You feel sick. The adder bites you.
* * * LOW HITPOINT WARNING * * *
You feel protected. The adder bites you.
* * * LOW HITPOINT WARNING * * *
The adder bites you.
You die...

...# ##.#.# .. #.#.# ###.#
#.#.# . ..#.# #.#.# .. #
#.#.# #.#.# ... #.#.#.# ##
#.#.# .... #.#.#.###.#
##.#.##......#.........#
...÷...........S@.....>###
.#.#.#############........
.#.#..........####.#########
.#.#.......................#
.#.#.########.####.........#
.#.#.#......#.# #.######..#
.#.#..<.....#'####÷#....#..#
.#.######.......##.#.##....#
.#...........[..##.#.####.##


You could see an adder.

Vanquished Creatures
  Terence (D:2)
  4 adders (D:2)
  3 dart slugs
  A leopard gecko (D:1)
  7 bats
  2 giant cockroaches
  8 goblins
  5 hobgoblins
  5 jackals
  6 frilled lizards
  2 kobolds (D:2)
  6 rats
50 creatures vanquished.

Notes
Turn   | Place    | Note
-------+----------+-------------------------------------------
     0 | D:1      | JeffiDaFish the Draconian Venom Mage began the quest for the Orb.
     0 | D:1      | Reached XP level 1. HP: 14/14 MP: 3/3
   243 | D:1      | Reached XP level 2. HP: 20/20 MP: 1/5
   331 | D:1      | Learned a level 2 spell: Poisonous Vapours
   986 | D:1      | Reached XP level 3. HP: 26/26 MP: 0/6
   996 | D:1      | Learned a level 3 spell: Mephitic Cloud
  1055 | D:1      | Gained mutation: You are clumsy. (Dex -2) [potion of mutation]
  1055 | D:1      | Gained mutation: Your tail ends in a poisonous barb. [potion of mutation]
  1338 | D:2      | Noticed Terence
  1345 | D:2      | Killed Terence
  1414 | D:2      | Reached XP level 4. HP: 8/33 MP: 0/7
  1752 | D:2      | Reached skill level 4 in Poison Magic
  2134 | D:2      | Found a glowing golden altar of the Shining One.
  2350 | D:2      | HP: 1/33 [adder (1)]
  2350 | D:2      | Slain by an adder

Skill      XL: |  1  2  3  4 |
---------------+-------------+-----
Dodging        | 2 |  2.2
Poison Magic   | 4 |  4.1
Stealth        | 2 |  2.0
Fighting       | |  0.2
Short Blades   | |  0.5
Long Blades    | |  0.6
Spellcasting   | |  2.7
Conjurations   | |  1.4
Air Magic      | |  0.6

Action                   |  1- 3 |  4- 6 || total
-------------------------+-------+-------++-------
Melee: Dagger            |    60 |       ||    60
       Tailslap          |    11 |     2 ||    13
       Falchion          |     7 |    73 ||    80
 Cast: Sting             |    18 |       ||    18
       Poisonous Vapours |    12 |    12 ||    24
  Use: Scroll            |     5 |     1 ||     6
       Potion            |     1 |     5 ||     6
 Stab: Sleeping          |     1 |     2 ||     3
  Eat: Chunk             |     3 |     4 ||     7
Armor: Skin              |    16 |    23 ||    39
Dodge: Dodged            |    35 |    65 ||   100
       Rpst.: Falchion   |     2 |    26 ||    28
